 Dungeon Crawl Stone Soup version 0.32-a0-996-gb3226c233f (webtiles) character file.

Game seed: 7625615186840002634

42 ytrimaz the Caller (level 3, -2/24 HPs)
             Began as a Demonspawn Summoner on Apr 24, 2024.
             Slain by a ribbon worm (5 damage)
             ... on level 2 of the Dungeon.
             The game lasted 00:01:49 (1393 turns).

ytrimaz the Caller (Demonspawn Summoner)            Turns: 1393, Time: 00:01:49

Health: -2/24      AC:  2    Str:  8    XL:     3   Next: 33%
Magic:  3/6        EV:  5    Int: 17    God:
Gold:   38         SH:  0    Dex: 13    Spells: 4/7 levels left

rFire   . . .        (no weapon)
rCold   . . .        (no shield)
rNeg    . . .        a - +0 robe
rPois   .            (no helmet)
rElec   .            (no cloak)
rCorr   .            (no gloves)
SInv    .            (no boots)
Will    .....        (no amulet)
Stlth   ++           (no ring)
HPRegen 0.24/turn    (no ring)
MPRegen 0.10/turn

%: no passive effects
@: held
A: hooves 1, demonic guardian 1
a: no special abilities


You were on level 2 of the Dungeon.
You visited 1 branch of the dungeon, and saw 2 of its levels.

You collected 38 gold pieces.


Innate Abilities, Weirdness & Mutations

You have large cloven feet.
A weak demonic guardian rushes to your aid.


   Skills:
 + Level 2.4 Dodging
 - Level 1.7 Stealth
 + Level 2.6 Spellcasting
 + Level 4.4 Summonings


You had 4 spell levels left.
You knew the following spells:

 Your Spells              Type           Power      Damage    Failure   Level
a - Summon Small Mammal   Summ           68%        N/A       3%          1
b - Call Imp              Summ           34%        N/A       4%          2

Your spell library contained the following spells:

 Spells                   Type           Power      Damage    Failure   Level
 Call Canine Familiar     Summ           17%        N/A       9%          3
 Summon Blazeheart Golem  Fire/Summ      9%         N/A       58%         4
 Summon Lightning Spire   Summ/Air       9%         N/A       58%         4

Inventory:

Armour
 a - a +0 robe (worn)
Jewellery
 d - an amulet of magic regeneration
   (You found it on level 1 of the Dungeon)
Scrolls
 c - a scroll of blinking {unknown}
 e - 2 scrolls of enchant weapon {unknown}
 h - a scroll of identify {unknown}
 i - a scroll of fear {unknown}
Potions
 b - a potion of magic
 f - a potion of curing {unknown}
 g - a potion of haste {unknown}

Dungeon Overview and Level Annotations

Branches:
Dungeon (2/15) Zot: 10604

Altars:

Shops:
D:1

( ##.## ### ..... ...
..#.# #.# #.#####.#.#
#.# #.......#.#
#.#########.b#.#
#.#.......#5)#.####..##
#.#.#####.#bw..........
#.#.#####.#@5#.########
#.........#..#.#
####.#.######.#.#
#.....†.......#.#
######<.....###.#
#..†.........#
###†.....##### #......#
#......#


You could see a ribbon worm (catching breath, ally target), a friendly iron imp
(summoned), a friendly cerulean imp (summoned) and 2 friendly bats.


Message History

You swap places.
Your quokka bites the ribbon worm.
The ribbon worm bites your quokka!
Your quokka dies!
Your quokka's corpse disappears in a puff of smoke!
You are too injured to fight recklessly!
Your bat hits the ribbon worm.
The ribbon worm expels a string of sticky webbing.
The stream of webbing misses you.
Unknown command.
You are too injured to fight recklessly!
Your bat hits the ribbon worm. 😮 HP[+1]
You are too injured to fight recklessly!
You swap places.
The ribbon worm barely misses you.
Unknown command.
You are too injured to fight recklessly!
You hit the ribbon worm. The ribbon worm closely misses you.
You hit the ribbon worm but do no damage.
The ribbon worm completely misses you. 😮 MP[+1]
You are too injured to fight recklessly!
Unknown command.
You barely miss the ribbon worm.
You kick the ribbon worm, but do no damage.
The ribbon worm expels a string of sticky webbing.
The stream of webbing hits you but does no damage.
You are caught in a web! 😮 HP[+1]
The web tears apart.
You swap places.
Your bat hits the ribbon worm.
Unknown command.
You swap places.
Your bat hits the ribbon worm but does no damage.
The ribbon worm attacks as it pursues you!
The ribbon worm bites you.
Your bat hits the ribbon worm but does no damage. 😮 HP[-2]
You take 2 damage, and now have 14/24 hp.
The ribbon worm expels a string of sticky webbing.
The stream of webbing hits you but does no damage.
You are caught in a web!
There is a web here.
The web tears apart.
Your bat hits the ribbon worm. 😮 HP[+1]
Casting: Summon Small Mammal (safe; 3% risk of failure)
Confirm with . or Enter, or press ? or * to list all spells.
A tiny devil pulls itself out of the air.
Your bat hits the ribbon worm. 😮 MP[-2]
You lost 2 mp, and now have 3/6 mp.
Unknown command.
You swap places.
Your bat hits the ribbon worm but does no damage.
Your bat hits the ribbon worm.
Your cerulean imp hits the ribbon worm but does no damage.
You hit the ribbon worm. Your kick misses the ribbon worm.
Your bat hits the ribbon worm. The ribbon worm bites you.
* * * LOW HITPOINT WARNING * * *
Your cerulean imp barely misses the ribbon worm. 😨 HP[-5]
You take 5 damage, and now have 10/24 hp.
MASSIVE DAMAGE!! (PAUSE)
You barely miss the ribbon worm.
You kick the ribbon worm, but do no damage.
Your bat hits the ribbon worm.
Your bat hits the ribbon worm but does no damage.
The ribbon worm bites you!
* * * LOW HITPOINT WARNING * * *
A demonic guardian appears!
Your bat hits the ribbon worm.
Your cerulean imp barely misses the ribbon worm. 😱 HP[-7] MP[+1]
You take 7 damage, and now have 3/24 hp.
MASSIVE DAMAGE!! (PAUSE)
You are too injured to fight recklessly!
Unknown command.
Casting: Summon Small Mammal (safe; 3% risk of failure)
Press: ? - help, Q - select action, (/) - cycle Dir - look around, f - activate Your bat barely misses the ribbon worm.
Your bat hits the ribbon worm but does no damage.
Your cerulean imp barely misses the ribbon worm.
Your bat hits the ribbon worm but does no damage. 😱 MP[-1]
You lost 1 mp, and now have 3/6 mp.
Unknown command.
You swap places.
Your bat barely misses the ribbon worm.
Your bat hits the ribbon worm but does no damage.
Your bat barely misses the ribbon worm.
The ribbon worm expels a string of sticky webbing.
The stream of webbing hits you but does no damage.
You are caught in a web!
Your iron imp hits the ribbon worm.
Your cerulean imp hits the ribbon worm with a -3 spear.
There is a web here.
Unknown command.
You struggle to detach yourself from the web.
Your bat hits the ribbon worm but does no damage.
Your bat barely misses the ribbon worm.
Your bat hits the ribbon worm but does no damage.
The ribbon worm bites you.
You die...

Skill      XL: |  1 |
---------------+----+-----
Dodging        | 2 |  2.4
Stealth        | |  1.7
Spellcasting   | |  2.6
Summonings     | |  4.4

Action                     || total
---------------------------++-------
  Melee: Unarmed           ||    89
         Punch             ||     1
         Kick              ||     3
   Cast: Summon Small Mamm ||    38
         Call Imp          ||     5
   Stab: Sleeping          ||     1
 Armour: Robe              ||    69
  Dodge: Dodged            ||    72

Levels and vault maps discovered:
D:1:      dpeg_arrival_shrine, layout_loops_cross, serial_shops,
          nicolae_shop_behind_doors, hellmonk_ecumenical_altar_zigzags,
          minmay_liquid_box, minmay_misc_feat_more_columns, minivault_14,
          dk_noncrumbling_4, minmay_bisected
D:2:      layout_basic, chequers_arboretum

Notes
Turn   | Place    | Note
-------+----------+-------------------------------------------
     0 | D:1      | ytrimaz the Demonspawn Summoner began the quest for the
                  | Orb.
     0 | D:1      | Reached XP level 1. HP: 13/13 MP: 3/3
     0 | D:1      | magus.rc [v1.9.6]
   213 | D:1      | Reached skill level 2 in Dodging
   220 | D:1      | Gained mutation: A weak demonic guardian rushes to your
                  | aid. [demonic ancestry]
   220 | D:1      | Reached XP level 2. HP: 8/19 MP: 3/5
   434 | D:1      | HP: 4/19 [frozen (5)]
   439 | D:1      | Learned a level 2 spell: Call Imp
   997 | D:1      | Found a faded altar of an unknown god.
  1207 | D:1      | Found Fiuppar's Weapon Boutique.
  1267 | D:2      | Gained mutation: You have large cloven feet. [demonic
                  | ancestry]
  1267 | D:2      | Reached XP level 3. HP: 15/24 MP: 2/6
  1390 | D:2      | HP: 3/24 [ribbon worm (8)]
  1393 | D:2      | Slain by a ribbon worm

Vanquished Creatures
  A dart slug (D:1)
  An endoplasm (D:1)
  A goblin (D:1)
  A quokka (D:1)
  2 bats (D:1)
  A frilled lizard (D:1)
7 creatures vanquished.

Vanquished Creatures (collateral kills)
  An adder (D:2)
  A dart slug (D:1)
  3 ball pythons (D:1)
  3 endoplasms (D:1)
  A hobgoblin (D:1)
  3 jackals (D:2)
  A kobold (D:2)
  2 bats (D:1)
  2 frilled lizards (D:1)
  A goblin (D:2)
  4 rats (D:1)
22 creatures vanquished.

Grand Total: 29 creatures vanquished

Table legend:
 A = Non-vault XP
 B = Vault XP
 C = Vault XP percentage of total XP
 D = Non-vault monster count
 E = Vault monster count
 F = Vault count percentage of total count
                 A         B        C        D         E       F
            +---------+---------+-------+---------+---------+-------
      Total |      56 |       4 |   6.7 |      26 |       3 |  10.3
            +---------+---------+-------+---------+---------+-------
        D:1 |      34 |       4 |  10.5 |      20 |       3 |  13.0
        D:2 |      22 |       0 |   0.0 |       6 |       0 |   0.0
            +---------+---------+-------+---------+---------+-------

Skill      XL: |  1 |
---------------+----+-----
Dodging        | 2 |  2.4
Stealth        | |  1.7
Spellcasting   | |  2.6
Summonings     | |  4.4

Action                     || total
---------------------------++-------
  Melee: Unarmed           ||    89
         Punch             ||     1
         Kick              ||     3
   Cast: Summon Small Mamm ||    38
         Call Imp          ||     5
   Stab: Sleeping          ||     1
 Armour: Robe              ||    69
  Dodge: Dodged            ||    72

Illustrated notes

Table legend:
 A = Kills in this place as a percentage of kills in the entire game.
 B = Kills by you in this place as a percentage of kills by you in the entire game.
 C = Kills by friends in this place as a percentage of kills by friends in the entire game.
 D = Other kills in this place as a percentage of other kills in the entire game.
 E = Experience gained in this place as a percentage of experience gained in the entire game.
 F = Experience gained in this place divided by the number of levels of this place that you have seen.
                   A       B       C       D       E      F
               +-------+-------+-------+-------+-------+----------------------
         Total | 100.0 | 100.0 | 100.0 |   N/A | 100.0 |  30.0
       Dungeon | 100.0 | 100.0 | 100.0 |   N/A | 100.0 |  30.0
               +-------+-------+-------+-------+-------+----------------------

Table legend: (Time is in decaauts)
 A = Elapsed time spent in this place.
 B = Non-inter-level travel time spent in this place.
 C = Inter-level travel time spent in this place.
 D = Time resting spent in this place.
 E = Time spent auto-exploring this place.
 F = Levels seen in this place.
 G = Mean time per level.
                   A        B        C        D        E       F      G
               +--------+--------+--------+--------+--------+-----+--------+
         Total |   1394 |   1372 |     22 |      0 |   1085 |   2 |  697.0 |
       Dungeon |   1394 |   1372 |     22 |      0 |   1085 |   2 |  697.0 |
               +--------+--------+--------+--------+--------+-----+--------+

Top non-repeatable levels by time:
     D:1: 1252 daAuts
     D:2: 141 daAuts
